 Dungeon Crawl Stone Soup version 0.24.0-37-gcf1ca852f1 (webtiles) character file.

Game seed: 8839383782497595771, levelgen mode: deterministic

13852 grindst0ne the Protected (level 11, -1/108 HPs)
             Began as a Deep Dwarf Wanderer on Dec 1, 2019.
             Was a High Priest of Makhleb.
             Slain by a three-headed hydra (8 damage)
             ... on level 11 of the Dungeon.
             The game lasted 00:49:06 (12379 turns).

grindst0ne the Protected (Deep Dwarf Wanderer)     Turns: 12379, Time: 00:49:06

Health: -1/108     AC:  1    Str: 16    XL:     11   Next: 81%
Magic:  17/17 (8)  EV:  8    Int: 16    God:    Makhleb [*****.]
Gold:   824        SH:  9    Dex:  8    Spells: 8/10 levels left

rFire    + . .     SeeInvis .   y - +1 broad axe (flame)
rCold    + . .     Gourm    .   b - +0 shield
rNeg     . . .     Faith    .   n - +0 scale mail "Fiyrum" {Regen+ rCorr MP+9 Dex-4}
rPois    +         Spirit   .   (no helmet)
rElec    .         Reflect  .   q - +0 cloak
rCorr    +         Harm     .   (no gloves)
MR       +....                  M - +1 pair of boots
Stlth    +.........             g - amulet "Zumecvij" {RegenMP rC+ Slay+2}
HPRegen  0.00/turn              O - ring of protection from fire
MPRegen  0.40/turn              E - ring of poison resistance

@: corroded, non-regenerating
A: damage resistance, heal wounds, sense surroundings 2, no regeneration
a: Heal Wounds, Minor Destruction, Lesser Servant of Makhleb, Major Destruction,
Greater Servant of Makhleb, Renounce Religion


You were on level 11 of the Dungeon.
You worshipped Makhleb.
Makhleb was extremely pleased with you.
You were very hungry.

You visited 2 branches of the dungeon, and saw 13 of its levels.
You also visited: Sewer, Ossuary and Bailey.

You collected 824 gold pieces.

Inventory:

Hand Weapons
 u - a +3 dagger of venom
 y - a +1 broad axe of flaming (weapon)
Missiles
 x - 54 boomerangs
 z - a silver javelin
 B - 39 poisoned darts (quivered)
 H - 4 atropa-tipped darts
Armour
 b - a +0 shield (worn)
 d - a +0 plate armour
 j - a +0 chain mail
 n - the +0 scale mail "Fiyrum" (worn) {Regen+ rCorr MP+9 Dex-4}
   (You found it on level 12 of the Dungeon)

   It affects your dexterity (-4).
   It affects your magic capacity (+9).
   It increases your rate of regeneration.
   It provides partial protection from all sources of acid and corrosion.
 q - a +0 cloak (worn)
 M - a +1 pair of boots (worn)
Jewellery
 g - the amulet "Zumecvij" (around neck) {RegenMP rC+ Slay+2}
   (You found it on level 12 of the Dungeon)

   [amulet of magic regeneration]

   It increases your magic regeneration.
   It affects your accuracy and damage with ranged weapons and melee attacks
   (+2).
   It protects you from cold.
 k - an uncursed amulet of magic regeneration {unknown}
 o - a cursed amulet of inaccuracy {unknown}
 E - a ring of poison resistance (right hand)
 O - a ring of protection from fire (left hand)
 P - an uncursed amulet of guardian spirit
Wands
 a - a wand of polymorph (9)
 D - a wand of disintegration (6)
 J - a wand of digging (13)
 K - a wand of flame (22)
 N - a wand of iceblast (1)
Scrolls
 h - 4 scrolls of remove curse
 p - 2 scrolls of acquirement {unknown}
 r - a scroll of random uselessness {unknown}
 t - 9 scrolls of teleportation
 C - 4 scrolls of blinking
 U - 2 scrolls of immolation
Potions
 c - 3 potions of lignification
 e - 3 potions of curing
 i - 2 potions of haste
 l - 2 potions of agility
 m - 4 potions of brilliance
 s - a potion of invisibility {unknown}
 v - a potion of might
 w - 8 potions of flight
 A - 3 potions of magic
 G - a potion of experience {unknown}
 L - 2 potions of resistance
 R - 3 potions of ambrosia
 S - 3 potions of mutation
Comestibles
 f - 24 rations


   Skills:
 + Level 9.8 Fighting
 * Level 2.1(2.3) Axes
   Level 1.0(2.2) Polearms
   Level 2.5(2.6) Staves
 + Level 11.4 Armour
 - Level 3.2 Dodging
 - Level 3.6 Stealth
 * Level 5.0 Shields
 - Level 9.0 Translocations
 * Level 8.1 Invocations
 + Level 3.4 Evocations


You had 8 spell levels left.
You knew the following spells:

 Your Spells              Type           Power        Failure   Level  Hunger
a - Blink                 Tloc           N/A          10%         2    ###....

Your spell library contained the following spells:

 Spells                   Type           Power        Failure   Level  Hunger
 Corona                   Hex            #......      94%         1    ##.....
 Flame Tongue             Conj/Fire      #....        94%         1    ##.....
 Magic Dart               Conj           #...         94%         1    ##.....
 Call Imp                 Summ           #.......     98%         2    ###....
 Ensorcelled Hibernation  Hex/Ice        #.....       98%         2    ###....
 Slow                     Hex            #.......     98%         2    ###....
 Throw Flame              Conj/Fire      #.....       98%         2    ###....
 Confuse                  Hex            #.......     100%        3    ####...
 Conjure Flame            Conj/Fire      #.......     100%        3    ####...
 Dazzling Spray           Conj/Hex       #.....       100%        3    ####...
 Inner Flame              Hex/Fire       #.......     100%        3    ####...
 Mephitic Cloud           Conj/Pois/Air  #.......     100%        3    ####...
 Tukima's Dance           Hex            #.......     100%        3    ####...
 Sticky Flame             Conj/Fire      #.......     100%        4    #####..
 Fireball                 Conj/Fire      #.........   100%        5    ######.


Dungeon Overview and Level Annotations

Branches:
Dungeon (12/15)            Temple (1/1) D:5            Lair (0/6) D:11
    Orc (0/2) D:10          Sewer (visited)         Ossuary (visited)
 Bailey (visited)

Altars:
Ashenzari
Cheibriados
Dithmenos
Elyvilon
Fedhas
Gozag
Hepliaklqana
Kikubaaqudgha
Makhleb
Nemelex Xobeh
Okawaru
Qazlal
Ru
Sif Muna
Trog
Uskayaw
Vehumet
Wu Jian
Xom
Yredelemnul
The Shining One

Portals:
Trove: D:12 (give 15 scrolls of teleportation)

Annotations:
D:8 exclusion: 2 downstairs
D:11 exclusion: 2 oklob plants


Innate Abilities, Weirdness & Mutations

You are resistant to damage.
You can heal yourself by infusing magical energy.
You passively map the area around you.
You do not regenerate.


Message History

The four-headed hydra bites you!
The four-headed hydra barely misses you.
You chop one of the four-headed hydra's heads off!
The flame cauterises the wound!
You slash the three-headed hydra! You burn the three-headed hydra.
The three-headed hydra is moderately wounded.
The three-headed hydra bites you! x2
* * * LOW HITPOINT WARNING * * *
The three-headed hydra bites you.
You hit the three-headed hydra but do no damage.
The three-headed hydra is moderately wounded.
The three-headed hydra bites you.
* * * LOW HITPOINT WARNING * * *
The three-headed hydra bites you!
* * * LOW HITPOINT WARNING * * *
The three-headed hydra closely misses you.
The three-headed hydra bites you!
* * * LOW HITPOINT WARNING * * *
The three-headed hydra bites you!
You die...

##.##.########## ###
#.......... ,*
#..........,...,
#.....(..###...,
#.....#...≈...#. *
#....#..#...#..# #
#....#.##PDP##.# #
#..D.#...P.PP.[# #
#..@.#≈.PPDPP.≈# #
#....#..PP.PP..#####
####.#.##PPP##.#....
#.#..#...#..#.###
#..#...≈...#..#
#.....###....##
#............#
#.....########
#######


You could see a three-headed hydra.

Vanquished Creatures
  An orc warlord (Bailey)
  2 two-headed ogres
  A deep elf mage (D:12)
  An ugly thing (D:11)
  A cyclops (D:9)
  A troll (D:12)
  A hornet (D:11)
  2 hippogriffs
  A shadow (D:11)
  13 yaks
  3 wraiths
  2 hungry ghosts
  A steam dragon (D:9)
  The ghost of Esos the Chiller, an amateur DgIE (D:3)
  A soldier ant (D:11)
  A swamp drake (D:10)
  A hornet zombie (D:11)
  5 orc warriors
  6 sky beasts
  3 phantoms
  6 centaurs
  9 ogres
  A big kobold (D:10)
  9 bullfrogs
  3 scorpions
  8 killer bees
  14 wights
  3 howler monkeys
  5 crimson imps
  3 bullfrog zombies
  A centaur zombie (D:3)
  A quasit (D:9)
  5 hounds
  5 jellies
  5 orc priests
  3 centaur skeletons
  Terence (D:3)
  3 iguanas
  A merfolk siren (Sewer)
  8 orc wizards
  8 worker ants
  A merfolk avatar (Sewer)
  A killer bee zombie (D:3)
  2 hound zombies
  A hound skeleton (D:9)
  A mummy (Ossuary)
  3 gnolls
  8 adders
  A howler monkey skeleton (D:6)
  A river rat (Sewer)
  2 shadow imps
  A white imp (D:4)
  7 oozes
  An adder skeleton (D:10)
  An adder zombie (D:9)
  A dart slug (D:3)
  4 leopard geckos
  36 orcs
  9 giant cockroaches
  23 goblins
  9 hobgoblins
  11 jackals
  17 kobolds
  A quokka (D:3)
  4 ball pythons (Sewer)
  7 bats
  8 frilled lizards
  8 gnoll skeletons (Ossuary)
  2 jackal zombies
  5 kobold skeletons (Ossuary)
  12 orc skeletons (Ossuary)
  2 quokka skeletons
  34 rats
374 creatures vanquished.

Vanquished Creatures (others)
  An orc (D:10)
  2 plants (D:11)
3 creatures vanquished.

Grand Total: 377 creatures vanquished

Notes
Turn   | Place    | Note
-------+----------+-------------------------------------------
     0 | D:1      | grindst0ne the Deep Dwarf Wanderer began the quest for the
                  | Orb.
     0 | D:1      | grindst0ne set off with the following items: a +0
                  | quarterstaff, a +2 leather armour, a potion of
                  | lignification, a +0 dagger, a ration
     0 | D:1      | Reached XP level 1. HP: 18/18 MP: 1/1
   302 | D:1      | Reached skill level 1 in Armour
   302 | D:1      | Reached XP level 2. HP: 25/25 MP: 2/2
   603 | D:1      | Reached XP level 3. HP: 28/32 MP: 3/3
  1182 | D:2      | Reached skill level 2 in Armour
  1265 | D:2      | Noticed a sky beast
  1432 | D:3      | Found a transporter.
  1449 | D:3      | Reached XP level 4. HP: 31/39 MP: 4/4
  1474 | D:3      | Found a transporter.
  1475 | D:3      | Noticed Esos's ghost (amateur DgIE)
  1600 | D:3      | Noticed Terence
  1606 | D:3      | Killed Terence
  1661 | D:3      | Reached skill level 3 in Armour
  1860 | D:3      | Reached XP level 5. HP: 26/49 MP: 5/5
  1910 | D:4      | Reached skill level 4 in Armour
  1923 | D:4      | Reached XP level 6. HP: 52/57 MP: 6/6
  2404 | D:4      | Found a glowing drain.
  2413 | Sewer    | Entered a sewer
  2429 | Sewer    | Reached skill level 5 in Armour
  2699 | Sewer    | Reached XP level 7. HP: 53/66 MP: 6/6
  2811 | Sewer    | Learned a level 2 spell: Blink
  2839 | D:4      | Reached skill level 1 in Translocations
  3167 | D:5      | Entered Level 5 of the Dungeon
  3210 | D:5      | Found a staircase to the Ecumenical Temple.
  3249 | Temple   | Entered the Ecumenical Temple
  3344 | Temple   | Became a worshipper of Makhleb the Destroyer
  3413 | D:5      | Found a shattered altar of Ashenzari.
  3499 | D:5      | Reached skill level 5 in Fighting
  3631 | D:5      | Reached skill level 6 in Armour
  4163 | D:3      | Killed Esos's ghost
  4194 | D:3      | Reached XP level 8. HP: 32/75 MP: 6/6
  4911 | D:6      | Reached skill level 7 in Armour
  5072 | D:6      | Reached * piety under Makhleb
  5431 | D:7      | Found a shimmering altar of Xom.
  5434 | D:7      | Found a blossoming altar of Fedhas.
  5441 | D:7      | Found a bloodstained altar of Trog.
  5578 | D:7      | Reached skill level 5 in Translocations
  6028 | D:7      | Gained mutation: You passively map the area around you.
                  | [Deep Dwarf growth]
  6028 | D:7      | Reached XP level 9. HP: 55/85 MP: 6/6
  6185 | D:8      | Reached skill level 8 in Armour
  6391 | D:8      | Found a white marble altar of Elyvilon.
  6443 | D:8      | Found a sand-covered staircase.
  6447 | Ossuary  | Entered an ossuary
  6485 | Ossuary  | Reached ** piety under Makhleb
  7238 | D:9      | Noticed a cyclops
  7441 | D:9      | Killed a cyclops
  7441 | D:9      | Reached skill level 9 in Armour
  7492 | D:9      | Reached *** piety under Makhleb
  7688 | D:9      | Reached XP level 10. HP: 23/96 MP: 0/4
  8008 | D:9      | Found the +6 Majin-Bo {vamp, Archmagi MP+6 Int+6}
  8310 | D:10     | Entered Level 10 of the Dungeon
  8472 | D:10     | Noticed a two-headed ogre
  8489 | D:10     | Killed a two-headed ogre
  8489 | D:10     | Reached skill level 10 in Armour
  8671 | D:10     | Reached **** piety under Makhleb
  8793 | D:10     | Found a staircase to the Orcish Mines.
  8835 | D:10     | Reached skill level 1 in Invocations
  9681 | D:11     | Reached XP level 11. HP: 43/106 MP: 0/7
  9808 | D:11     | Reached skill level 5 in Invocations
  9987 | D:11     | Paralysed by a hornet for 3 turns
 10005 | D:11     | Reached skill level 1 in Shields
 10021 | D:11     | Noticed a green ugly thing
 10039 | D:11     | Killed a green ugly thing
 10097 | D:11     | Noticed an oklob plant
 10156 | D:11     | Found a staircase to the Lair.
 10162 | D:11     | Noticed an oklob plant
 10225 | D:11     | Noticed a four-headed hydra
 10388 | D:11     | Reached skill level 11 in Armour
 10664 | D:12     | Reached skill level 1 in Evocations
 10884 | D:12     | Found a portal to a secret trove of treasure.
 10994 | D:12     | Found a flagged portal.
 11013 | D:12     | Got a vibrating iron amulet
 11023 | D:12     | Identified the amulet "Zumecvij" {RegenMP rC+ Slay+2} (You
                  | found it on level 12 of the Dungeon)
 11025 | Bailey   | Entered a bailey
 11032 | Bailey   | Noticed an orc warlord
 11044 | Bailey   | Reached ***** piety under Makhleb
 11173 | Bailey   | Found a runed translucent gate.
 11174 | Bailey   | Found a runed translucent gate.
 11177 | Bailey   | Found a runed translucent gate.
 11286 | Bailey   | Killed an orc warlord
 11504 | D:12     | Got an ichor-stained scale mail
 11515 | D:12     | Identified the +0 scale mail "Fiyrum" {Regen+ rCorr MP+9
                  | Dex-4} (You found it on level 12 of the Dungeon)
 11623 | D:12     | Noticed a two-headed ogre
 11629 | D:12     | Killed a two-headed ogre
 11629 | D:12     | Reached skill level 1 in Axes
 11727 | D:12     | Noticed a deep elf mage
 11735 | D:12     | Killed a deep elf mage
 11962 | D:12     | Reached skill level 5 in Shields
 12379 | D:11     | Slain by a three-headed hydra

Levels and vault maps discovered:
D:1:      dpeg_arrival_rhombi, layout_basic
D:2:      layout_loops_corners, zin_scriptorium
D:3:      layout_rooms, gammafunk_ghost_mausoleum, uniq_terence
D:4:      layout_cave_pools, portal_sewer_entry_f, first_ration,
          kennysheep_minor_cross, minmay_fire_ice_demons
D:5:      layout_cave_pods, cheibrodos_ashenzari_chains,
          minmay_temple_entry_stoned_glass, minmay_crystal_room
D:6:      kennysheep_six_static_rooms, layout_cave_pools,
          kennysheep_generic_room_2
D:7:      layout_basic, gammafunk_temple_overflow_forgotten
D:8:      layout_rooms, elyvilon_altar_5, nicolae_ossuary_entry_plus,
          hangedman_little_slice_of_home
D:9:      layout_cave_pools
D:10:     layout_basic, erik_orc_1
D:11:     layout_loops_cross, dpeg_oklobed_lair, gauntlet_entry_generic,
          grunt_ministairs_9, hex_large, hangedman_decor_points
D:12:     layout_long_grid, enter_bailey_3, nicolae_trove_entry_crystal,
          minmay_misc_feat_enclosed
Temple:   regret_index_temple_sphere_string

Skill      XL: |  1  2  3  4  5  6  7  8  9 10 11 |
---------------+----------------------------------+-----
Staves         | 2 |  2.5
Armour         | 1 2 3 4 5 6 7 9 10 11 | 11.4
Fighting       | 2 3 4 5 6 8 9 |  9.8
Translocations | 3 5 7 9 |  9.0
Invocations    | 4 8 |  8.1
Shields        | 5 |  5.0
Evocations     | 3 |  3.4
Axes           | 2 |  2.1
Polearms       | |  1.0
Dodging        | |  3.2
Stealth        | |  3.6

Action                   |  1- 3 |  4- 6 |  7- 9 | 10-12 || total
-------------------------+-------+-------+-------+-------++-------
Melee: Quarterstaff      |    96 |       |       |       ||    96
       Dagger            |    13 |   251 |   411 |   565 ||  1240
       Falchion          |       |       |   627 |   361 ||   988
       Broad axe         |       |       |       |    77 ||    77
Throw: Dart              |    77 |    19 |    13 |     8 ||   117
       Javelin           |       |    16 |       |       ||    16
       Boomerang         |       |     5 |     1 |       ||     6
 Abil: Heal Wounds       |       |     4 |    22 |    18 ||    44
Evoke: Wand              |       |       |     4 |    37 ||    41
  Use: Potion            |       |       |     7 |     4 ||    11
       Scroll            |       |       |    11 |    15 ||    26
 Stab: Paralysed         |       |       |       |    15 ||    15
  Eat: Chunk             |     2 |     4 |     9 |    15 ||    30
       Ration            |       |       |     3 |     4 ||     7
Armor: Leather armour    |    19 |       |       |       ||    19
       Scale mail        |    50 |    75 |       |     2 ||   127
       Chain mail        |       |    60 |   898 |   805 ||  1763
Dodge: Dodged            |   108 |   126 |   478 |   406 ||  1118
Block: Shield            |       |       |       |   265 ||   265
       Rpst.: Falchion   |       |       |   110 |    48 ||   158
